 Dungeon Crawl Stone Soup version 0.32-a0-485-g70f7560b1c (webtiles) character file.

Game seed: 14754770100228149826

10451 cforsyth the Cleaver (level 11, -18/92 HPs)
             Began as a Coglin Gladiator on Feb 27, 2024.
             Was a Believer of the Shining One.
             Demolished by a two-headed ogre
             ... wielding the +10 dark maul {heavy}
              (68 damage)
             ... on level 10 of the Dungeon.
             The game lasted 00:21:33 (11079 turns).

cforsyth the Cleaver (Coglin Gladiator)            Turns: 11079, Time: 00:21:33

Health: -18/92     AC: 19    Str: 20    XL:     11   Next: 62%
Magic:  11/11      EV:  9    Int: 11    God:    the Shining One [**....]
Gold:   716        SH:  0    Dex: 16    Spells: 10/10 levels left

rFire   + . .        a - +0 broad axe {Chun}
rCold   + . .        k - +1 hand axe (venom) {Cyum}
rNeg    + . .        u - +0 chain mail
rPois   .            c - +0 helmet
rElec   .            i - +0 cloak
rCorr   .            s - +0 pair of gloves "Pusiox" {Will+ Int+4 Dex-2}
SInv    .            b - +2 pair of boots of the Thistle {rF+ rC+ Str+3}
Will    +....        t - amulet of magic regeneration Stlth
                     (ring unavailable)
HPRegen 0.35/turn    (ring unavailable)
MPRegen 0.52/turn

%: no passive effects
@: glowing, revved
A: off-hand wielding, slow wielding, warmup strikes, no rings
a: Renounce Religion, Divine Shield


You were on level 10 of the Dungeon.
You worshipped the Shining One.
The Shining One was pleased with you.
You visited 2 branches of the dungeon, and saw 11 of its levels.
You also visited: Bailey.

You collected 1363 gold pieces.
You spent 647 gold pieces at shops.


Innate Abilities, Weirdness & Mutations

You can wield a second weapon in your off-hand.
It takes a long time for you to wield or remove held weapons.
Your first few attacks do less damage.
Your grasper-arms cannot wear rings.


   Skills:
 + Level 10.8 Fighting
 + Level 10.9 Axes
 - Level 1.7 Throwing
 + Level 9.5 Armour
 - Level 2.6 Dodging


You had 10 spell levels left.
You didn't know any spells.
Your spell library contained the following spells:

 Spells                   Type           Power      Damage    Failure   Level
 Sandblast                Erth           0%         2d4       89%         1
 Cigotuvi's Dreadful Rot  Necr/Alch/Air  0%         N/A       96%         2
 Dazzling Flash           Conj/Hex       0%         N/A       99%         3
 Gell's Gravitas          Tloc           0%         N/A       99%         3
 Hailstorm                Conj/Ice       0%         3d5       99%         3
 Passwall                 Erth           0%         N/A       99%         3
 Stone Arrow              Conj/Erth      0%         3d7       99%         3
 Summon Ice Beast         Ice/Summ       0%         N/A       99%         3
 Teleport Other           Tloc           0%         N/A       99%         3
 Tukima's Dance           Hex            0%         N/A       99%         3
 Volatile Blastmotes      Fire/Tloc      0%         2d10      99%         3
 Brom's Barrelling Bould  Conj/Erth      0%         2d3       100%        4
 Dimensional Bullseye     Hex/Tloc       0%         N/A       100%        4
 Ignite Poison            Fire/Alch      0%         N/A       100%        4
 Iskenderun's Mystic Bla  Conj/Tloc      0%         2d3       100%        4
 Freezing Cloud           Conj/Ice/Air   0%         6-21      100%        5
 Dispersal                Tloc           0%         N/A       100%        6
 Sculpt Simulacrum        Ice/Alch       0%         N/A       100%        6
 Starburst                Conj/Fire      0%         6d3       100%        6
 Maxwell's Capacitive Co  Air            0%         ∞         100%        8

Inventory:

Hand Weapons
 a - a +0 broad axe (weapon) {Chun}
 k - a +1 hand axe of venom (offhand) {Cyum}
Missiles
 d - 4 throwing nets (quivered) {=f}
 e - a javelin
Armour
 b - the +2 pair of boots of the Thistle (worn) {rF+ rC+ Str+3}
   (You acquired it on level 8 of the Dungeon)

   Str+3:     It affects your strength (+3).
   rF+:       It protects you from fire.
   rC+:       It protects you from cold.
 c - a +0 helmet (worn)
 i - a +0 cloak (worn)
 s - the +0 pair of gloves "Pusiox" (worn) {Will+ Int+4 Dex-2}
   (You found it on level 8 of the Dungeon)

   Int+4:     It affects your intelligence (+4).
   Dex-2:     It affects your dexterity (-2).
   Will+:     It increases your willpower.
 u - a +0 chain mail (worn)
 C - a +2 pair of gloves of hurling
 F - a +1 pair of boots of stealth
Magical Staves
 A - a staff of air {!a}
 J - a staff of alchemy {!a}
Jewellery
 t - an amulet of magic regeneration (around neck)
Wands
 q - a wand of roots (10)
 v - a wand of flame (19)
 w - a wand of charming (1)
 z - a wand of light (10)
 E - a wand of polymorph (5)
Scrolls
 f - 4 scrolls of teleportation {@r2}
 h - 2 scrolls of fear
 n - 3 scrolls of noise
 r - a scroll of immolation
 y - a scroll of enchant weapon
Potions
 g - a potion of berserk rage {!q}
 j - 2 potions of haste {@q3}
 l - a potion of enlightenment
 o - a potion of brilliance
 p - a potion of cancellation
 x - 3 potions of curing {@q1}
 B - 2 potions of mutation {unknown}
 D - a potion of invisibility {unknown}
 I - a potion of resistance
Miscellaneous
 m - a phantom mirror

Dungeon Overview and Level Annotations

Branches:
Dungeon (10/15)            Temple (1/1) D:4          Bailey (visited)
   Lair: D:8-11         Orc: D:9-12

Altars:
Ashenzari
Cheibriados
Dithmenos
Elyvilon
Fedhas
Gozag
Hepliaklqana
Kikubaaqudgha
Makhleb
Nemelex Xobeh
Okawaru
Qazlal
Ru
Sif Muna
Trog
Uskayaw
Vehumet
Wu Jian
Xom
Yredelemnul
Zin
The Shining One

Shops:
D:4 [ D:10

( #.▓''▓▓▓▓
#.▓..▓...
#.▓..▓..▓
#.▓..▓..▓ ▓..
#.▓..▓..▓ ▓..
#.▓..▓..▓ ▓..
#.▓..▓..▓ O ▓..
#.▓..▓..▓ $.o ▓..
#.▓..'.@▓..... ▓..
#.▓..'.)Oo.....
▓..
#.▓▓▓▓▓▓▓▓▓▓▓▓▓▓▓▓
▓▓'' #..# #.# #...
##.# #.## #..# #.#
#..###... #.#
##.#...##
##.####### #...###
#........# ###..#


You could see a two-headed ogre and an orc warrior.


Message History

Unknown command.
Unknown command.
You hit the orc warrior with your +1 hand axe of venom.
The orc warrior is moderately wounded.
You hit the orc warrior but do no damage.
The orc warrior looks as sick as possible!
You slash the orc warrior with your +0 broad axe! x2
You kill the orc warrior!
Unknown command.
Unknown command.
You hit the orc warrior but do no damage.
The orc warrior is heavily wounded.
You slash the orc warrior with your +0 broad axe!
The orc warrior hits you with a +0 war axe.
The orc warrior closely misses you.
Unknown command.
Unknown command.
You hit the orc warrior with your +1 hand axe of venom.
The orc warrior is almost dead.
You hit the orc warrior with your +0 broad axe.
You kill the orc warrior!
The orc warrior hits you but does no damage.
Unknown command.
Unknown command.
You hit the two-headed ogre with your +1 hand axe of venom.
The two-headed ogre is lightly wounded.
You slash the two-headed ogre with your +0 broad axe!
The two-headed ogre hits you with the +10 dark maul!!!
Ouch! That really hurt!
You die...

Skill      XL: |  1  2  3  4  5  6  7  8  9 10 11 |
---------------+----------------------------------+-----
Armour         | 1 2 3 4 5 7 8 9 |  9.5
Fighting       | 3 4 5 6 8 9 10 | 10.8
Axes           | 4 5 7 8 10 | 10.9
Throwing       | |  1.7
Dodging        | |  2.6

Action                     |  1- 3 |  4- 6 |  7- 9 | 10-12 || total
---------------------------+-------+-------+-------+-------++-------
  Melee: War axe           |    80 |    73 |   126 |    21 ||   300
         Hand axe          |    35 |    72 |   122 |   190 ||   419
         Broad axe         |       |       |       |   196 ||   196
  Evoke: Wand              |       |       |     8 |    14 ||    22
    Use: Scroll            |       |       |    13 |     4 ||    17
         Potion            |       |       |     7 |     4 ||    11
   Stab: Sleeping          |     2 |     2 |       |       ||     4
         Distracted        |       |     1 |       |       ||     1
 Armour: Leather armour    |    45 |    18 |       |       ||    63
         Chain mail        |       |    24 |   114 |   245 ||   383
  Dodge: Dodged            |    61 |    36 |    60 |   103 ||   260

Levels and vault maps discovered:
D:1:      heliophobic_arrival_ceremonial_halls, layout_basic,
          ebering_ecumenical_altar_ruins, serial_park_tiny_pond,
          minmay_pentomino_t2
D:2:      layout_basic, uniq_terence
D:3:      layout_basic, nrook_campfire
D:4:      minmay_inner_zag, layout_gridville,
          minmay_temple_entry_statues_pillars, serial_shops, shop,
          nicolae_twisty_statue_hallways
D:5:      layout_gridville, kennysheep_mini, serial_bayou, serial_bayou_lake_a,
          serial_bayou_lagoon_b, serial_bayou_pond_d, serial_bayou_shore_a
D:6:      layout_cave_pools, nicolae_qazlal_style_of_elements,
          minmay_small_thing
D:7:      layout_loops_ring, amcnicky_altar_gilded, uniq_duvessa
D:8:      hellmonk_crumbling_castle, layout_basic, trog_ov_bears_minmay,
          enter_bailey_3, minmay_pinched_square
D:9:      layout_roguey, kennysheep_pointless_box,
          nicolae_concentric_dashed_squares_wild, kennysheep_cross_room,
          minmay_unpleasant_kobolds, uniq_joseph
D:10:     layout_roguey, serial_shops, kennysheep_little_box,
          hellmonk_guarded_unrand_dark_maul
Temple:   nicolae_temple_no_exploring_needed

Notes
Turn   | Place    | Note
-------+----------+-------------------------------------------
     0 | D:1      | cforsyth the Coglin Gladiator began the quest for the Orb.
     0 | D:1      | Reached XP level 1. HP: 16/16 MP: 1/1
    39 | D:1      | Reached XP level 2. HP: 13/22 MP: 2/2
   416 | D:1      | Found a faded altar of an unknown god.
   475 | D:1      | Reached skill level 1 in Armour
   584 | D:1      | Reached XP level 3. HP: 28/28 MP: 3/3
  1446 | D:2      | Reached XP level 4. HP: 34/34 MP: 4/4
  1559 | D:2      | Noticed Terence
  1565 | D:2      | Killed Terence
  1566 | D:2      | Reached skill level 3 in Fighting
  1964 | D:3      | Reached skill level 2 in Armour
  1990 | D:3      | Reached skill level 4 in Axes
  1990 | D:3      | Reached XP level 5. HP: 36/41 MP: 5/5
  2537 | D:4      | Found a staircase to the Ecumenical Temple.
  2546 | Temple   | Entered the Ecumenical Temple
  2560 | Temple   | Became a worshipper of the Shining One
  2683 | D:4      | Noticed a phantom
  2694 | D:4      | Killed a phantom
  2695 | D:4      | Reached skill level 4 in Fighting
  2695 | D:4      | Reached XP level 6. HP: 48/48 MP: 6/6
  2705 | D:4      | Reached skill level 3 in Armour
  3102 | D:4      | Reached skill level 5 in Axes
  3115 | D:4      | Reached XP level 7. HP: 50/55 MP: 7/7
  3150 | D:4      | Found Ekang's Antique Armour Shoppe.
  3158 | D:4      | Bought a pair of embroidered gloves for 202 gold pieces
  3577 | D:5      | Entered Level 5 of the Dungeon
  3773 | D:5      | Reached skill level 5 in Fighting
  3804 | D:5      | You fall into a shaft and drop 1 floor!
  3958 | D:5      | Reached skill level 4 in Armour
  4217 | D:5      | Found a white marble altar of Elyvilon.
  4356 | D:6      | Reached XP level 8. HP: 63/63 MP: 8/8
  4466 | D:6      | Reached skill level 6 in Axes
  4657 | D:6      | Noticed a hornet
  4663 | D:6      | Killed a hornet
  4664 | D:6      | Reached skill level 6 in Fighting
  4664 | D:6      | Reached skill level 5 in Armour
  4787 | D:6      | Noticed an air elemental
  4788 | D:6      | Found a stormy altar of Qazlal.
  4793 | D:6      | Noticed a water elemental
  5159 | D:4      | Bought a pair of glowing boots for 202 gold pieces
  5637 | D:7      | Noticed Dowan
  5637 | D:7      | Noticed Duvessa
  5715 | D:7      | Found a sacrificial altar of Ru.
  5720 | D:7      | Reached skill level 7 in Axes
  5983 | D:7      | Killed Duvessa
  5984 | D:7      | Reached XP level 9. HP: 41/71 MP: 9/9
  6140 | D:7      | Reached skill level 7 in Fighting
  6342 | D:7      | Reached * piety under the Shining One
  6366 | D:7      | Killed Dowan
  6367 | D:7      | Reached skill level 6 in Armour
  6628 | D:4      | Bought a dazzling ring mail for 243 gold pieces
  6628 | D:4      | Identified the +2 ring mail of the Tick {rC++ Slay-6} (You
                  | bought it in a shop on level 4 of the Dungeon)
  6723 | D:8      | Found a bloodstained altar of Trog.
  6734 | D:8      | Identified a scroll of acquirement
  6734 | D:8      | Acquired the +2 pair of boots of the Thistle {rF+ rC+
                  | Str+3}
  6767 | D:8      | Noticed a two-headed ogre
  6773 | D:8      | HP: 6/72 [two-headed ogre/+0 giant club (15)]
  6776 | D:8      | Killed a two-headed ogre
  6777 | D:8      | Reached skill level 8 in Axes
  6787 | D:8      | Noticed a five-headed hydra
  6791 | D:8      | Reached skill level 8 in Fighting
  6942 | D:8      | Reached skill level 7 in Armour
  6952 | D:8      | Found a flagged portal.
  6963 | Bailey   | Entered a bailey
  7007 | Bailey   | Reached XP level 10. HP: 47/81 MP: 10/10
  7363 | Bailey   | Found a burning altar of Makhleb.
  7375 | Bailey   | Identified the +0 robe of a bailey {^Drain rPois Str-4
                  | Dex+7}
  7462 | Bailey   | Identified a potion of resistance
  7504 | D:8      | Reached skill level 9 in Axes
  7727 | D:8      | Reached skill level 9 in Fighting
  7968 | D:8      | Noticed a manticore
  7975 | D:8      | Killed a manticore
  7976 | D:8      | Reached skill level 8 in Armour
  8322 | D:8      | Noticed a manticore
  8336 | D:8      | Killed a manticore
  8479 | D:8      | Noticed a kobold demonologist
  8708 | D:8      | Reached ** piety under the Shining One
  8939 | D:8      | Identified the +0 pair of gloves "Pusiox" {Will+ Int+4
                  | Dex-2}
  9034 | D:8      | Killed a kobold demonologist
  9035 | D:8      | Reached skill level 10 in Axes
  9035 | D:8      | Reached XP level 11. HP: 90/90 MP: 11/11
  9124 | D:9      | Reached skill level 10 in Fighting
  9370 | D:9      | Noticed a two-headed ogre
  9379 | D:9      | Killed a two-headed ogre
  9618 | D:9      | Reached skill level 9 in Armour
  9646 | D:9      | Noticed a two-headed ogre
  9653 | D:9      | Killed a two-headed ogre
  9769 | D:9      | Noticed Joseph
  9781 | D:9      | Killed Joseph
 10305 | D:10     | Entered Level 10 of the Dungeon
 10886 | D:10     | Found Ydiottut's Antique Weapon Emporium.
 11058 | D:10     | Noticed a two-headed ogre
 11079 | D:10     | Demolished by a two-headed ogre

Vanquished Creatures
  3 two-headed ogres
  2 manticores (D:8)
  Joseph (D:9)
  A kobold demonologist (D:8)
  A troll (D:10)
  2 hornets
  A slime creature (D:8)
  A wraith (D:10)
  2 wyverns
  5 yaks (D:8)
  An acid dragon (D:9)
  Duvessa (D:7)
  3 water moccasins
  9 orc warriors
  3 black bears (D:8)
  A sky beast (D:8)
  2 ogres
  10 centaurs
  3 phantoms
  12 kobold brigands
  3 bullfrogs
  A gnoll sergeant (D:9)
  4 scorpions
  A wight (D:8)
  Dowan (D:7)
  3 killer bees (D:8)
  A howler monkey (D:8)
  4 hounds
  A bombardier beetle (D:5)
  4 iguanas
  An orc priest (D:8)
  2 gnoll boudas (D:8)
  A jelly (D:4)
  A sleepcap (D:6)
  Terence (D:2)
  4 orc wizards
  8 adders
  11 gnolls
  2 white imps (D:7)
  2 dart slugs
  18 orcs
  6 bats
  9 endoplasms
  8 goblins
  7 hobgoblins
  44 kobolds
  8 quokkas
  9 ball pythons
  2 frilled lizards
  6 rats
237 creatures vanquished.

Vanquished Creatures (collateral kills)
  A kobold brigand (Bailey)
  A kobold (Bailey)
2 creatures vanquished.

Vanquished Creatures (others)
  2 orc warriors (Bailey)
2 creatures vanquished.

Grand Total: 241 creatures vanquished

Table legend: (Time is in decaauts)
 A = Elapsed time spent in this place.
 B = Non-inter-level travel time spent in this place.
 C = Inter-level travel time spent in this place.
 D = Time resting spent in this place.
 E = Time spent auto-exploring this place.
 F = Levels seen in this place.
 G = Mean time per level.
                   A        B        C        D        E       F      G
               +--------+--------+--------+--------+--------+-----+--------+
         Total |  11194 |  10546 |    648 |   1248 |   7464 |  12 |  932.8 |
       Dungeon |  10653 |  10013 |    640 |   1107 |   7246 |  10 | 1065.3 |
        Temple |     22 |     14 |      8 |      0 |      0 |   1 |   22.0 |
        Bailey |    517 |    517 |      0 |    141 |    218 |   1 |  517.0 |
               +--------+--------+--------+--------+--------+-----+--------+

Top non-repeatable levels by time:
     D:8: 1542 daAuts
     D:9: 1226 daAuts
     D:7: 1215 daAuts
     D:6: 1200 daAuts
     D:4: 1175 daAuts
     D:2: 1142 daAuts
     D:5: 949 daAuts
     D:1: 785 daAuts
    D:10: 776 daAuts
     D:3: 639 daAuts
  Bailey: 517 daAuts
  Temple: 22 daAuts

Table legend:
 A = Non-vault XP
 B = Vault XP
 C = Vault XP percentage of total XP
 D = Non-vault monster count
 E = Vault monster count
 F = Vault count percentage of total count
                 A         B        C        D         E       F
            +---------+---------+-------+---------+---------+-------
      Total |    9283 |    5648 |  37.8 |     180 |      60 |  25.0
            +---------+---------+-------+---------+---------+-------
        D:1 |      37 |       4 |   9.8 |      22 |       2 |   8.3
        D:2 |      46 |      36 |  43.9 |      19 |       1 |   5.0
        D:3 |     159 |       0 |   0.0 |      21 |       0 |   0.0
        D:4 |     361 |      20 |   5.2 |      14 |       5 |  26.3
        D:5 |     469 |       0 |   0.0 |       8 |       0 |   0.0
        D:6 |     898 |      36 |   3.9 |      10 |       1 |   9.1
        D:7 |     560 |     222 |  28.4 |       9 |       2 |  18.2
        D:8 |    2686 |    2863 |  51.6 |      31 |      20 |  39.2
        D:9 |    3093 |     726 |  19.0 |      35 |       7 |  16.7
       D:10 |     972 |     531 |  35.3 |      10 |       4 |  28.6
     Temple |       2 |       0 |   0.0 |       1 |       0 |   0.0
     Bailey |       0 |    1210 | 100.0 |       0 |      18 | 100.0
            +---------+---------+-------+---------+---------+-------
